 Dungeon Crawl Stone Soup version 0.25.1-8-g42b30a86e7 (webtiles) character file.

Game seed: 17039000896619888983

58 IcyTea the Gusty (level 3, 0/26 HPs)
             Began as a Draconian Air Elementalist on Nov 30, 2020.
             Slain by a quokka (1 damage)
             ... on level 2 of the Dungeon.
             The game lasted 00:05:27 (1838 turns).

IcyTea the Gusty (Draconian Air Elementalist)       Turns: 1838, Time: 00:05:28

Health: 0/26       AC:  5    Str: 10    XL:     3   Next: 75%
Magic:  2/6        EV: 12    Int: 16    God:
Gold:   164        SH:  0    Dex: 11    Spells: 3/6 levels left

rFire    . . .     SeeInvis .   l - +1 dagger (venom)
rCold    . . .     Gourm    .   (no shield)
rNeg     . . .     Faith    .   (armour unavailable)
rPois    .         Spirit   .   (helmet restricted)
rElec    .         Reflect  .   (no cloak)
rCorr    .         Harm     .   (no gloves)
MR       .....                  (no boots)
Stlth    ++........             (no amulet)
HPRegen  0.08/turn              (no ring)
MPRegen  0.10/turn              (no ring)

@: no status effects
A: unfitting armour, cold-blooded, AC +5
a: no special abilities


You were on level 2 of the Dungeon.
You were near starving.

You visited 1 branch of the dungeon, and saw 2 of its levels.

You collected 164 gold pieces.

Inventory:

Hand Weapons
 g - a +0 mace
 l - a +1 dagger of venom (weapon)
Missiles
 j - 10 poisoned darts (quivered)
Wands
 p - a wand of disintegration (12)
Scrolls
 c - a scroll of remove curse {unknown}
 d - a scroll of amnesia {unknown}
 h - a scroll of fog {unknown}
 i - 3 scrolls of identify {unknown}
 k - a scroll of enchant weapon {unknown}
 n - a scroll of enchant armour {unknown}
Potions
 a - 2 potions of mutation {unknown}
 e - a potion of ambrosia {unknown}
 f - a potion of curing {unknown}
 m - a potion of stabbing {unknown}
 o - a potion of flight {unknown}
 q - a potion of brilliance {unknown}
Comestibles
 b - 4 rations


   Skills:
 - Level 1.7 Dodging
 - Level 1.7 Stealth
 - Level 2.0 Spellcasting
 + Level 2.3 Conjurations
 - Level 4.2 Air Magic


You had 3 spell levels left.
You knew the following spells:

 Your Spells              Type           Power        Failure   Level  Hunger
a - Shock                 Conj/Air       ##..         5%          1    #......
b - Swiftness             Chrm/Air       #.......     13%         2    ###....

Your spell library contained the following spells:

 Spells                   Type           Power        Failure   Level  Hunger
 Static Discharge         Conj/Air       ##......     16%         3    ###....
 Airstrike                Air            ###.......   36%         4    #####..
 Lightning Bolt           Conj/Air       ##........   83%         5    ######.


Dungeon Overview and Level Annotations

Branches:
Dungeon (2/15)

Altars:

Annotations:
D:2 Sigmund


Innate Abilities, Weirdness & Mutations

Your plain brown scales are hard. (AC +5)
You cannot fit into any form of body armour.
You are cold-blooded and may be slowed by cold attacks.


Message History

The zap misses the goblin.
The goblin hits you with a +0 club. Something hits you.
The quokka closely misses you.
Casting: Shock (safe; 5% risk of failure)
Confirm with . or Enter, or press ? or * to list all spells.
Aiming: Shock (safe; 5% risk of failure)
Press: ? - help, Shift-Dir - straight line, f/p - goblin
Aim: a goblin, wielding a +0 club (heavily wounded)
The zap hits the goblin.
You kill the goblin!
The quokka bites you but does no damage.
You hear some strange, mumbled words.
A puff of flame appears from out of thin air!
The puff of flame hits you!
* * * LOW HITPOINT WARNING * * *
Casting: Shock (safe; 5% risk of failure)
Confirm with . or Enter, or press ? or * to list all spells.
Aiming: Shock (safe; 5% risk of failure)
Press: ? - help, Shift-Dir - straight line The quokka bites you.
You die...

...... ####..#.##
.....#..# ######
#.......##. .#.....
#.......... #.#.####
#.......... #.#.#
#.){r...... #.#.####
#..@#########.......
#..#.............#.####
#.......#.#.#....#.####
##.#..#.#.#.#....#.....
.. #..#.#.#.'....#..###
.. #..#.#.###...##..# .
#..#.#...........#
#.(#.#...........#
#..#.#.#######...#


You could see a quokka.

Vanquished Creatures
  An adder (D:2)
  2 worms (D:2)
  A dart slug (D:1)
  A leopard gecko (D:1)
  3 giant cockroaches
  5 goblins
  5 hobgoblins (D:1)
  4 bats
  5 frilled lizards
  6 kobolds
  7 rats
40 creatures vanquished.

Notes
Turn   | Place    | Note
-------+----------+-------------------------------------------
     0 | D:1      | IcyTea the Draconian Air Elementalist began the quest for
                  | the Orb.
     0 | D:1      | Reached XP level 1. HP: 14/14 MP: 3/3
   299 | D:1      | Reached XP level 2. HP: 19/20 MP: 1/5
   392 | D:1      | Learned a level 2 spell: Swiftness
   828 | D:1      | Reached skill level 4 in Air Magic
  1318 | D:2      | Reached XP level 3. HP: 26/26 MP: 4/6
  1376 | D:2      | Found a faded altar of an unknown god.
  1825 | D:2      | Noticed Sigmund
  1837 | D:2      | HP: 1/26 [something/puff of flame (8)]
  1838 | D:2      | Slain by a quokka

Illustrated notes

Levels and vault maps discovered:
D:1:      lemuel_arrival_cross, layout_loops_ring
D:2:      layout_basic, grunt_temple_overflow_order_and_chaos_2, first_ration,
          chequers_ecumenical_altar_simple_redux, minmay_divided_ellipse,
          uniq_sigmund

Skill      XL: |  1  2  3 |
---------------+----------+-----
Air Magic      | 4 |  4.2
Conjurations   | 2 |  2.3
Dodging        | |  1.7
Stealth        | |  1.7
Spellcasting   | |  2.0

Action                   || total
-------------------------++-------
Melee: Unarmed           ||    22
       Tailslap          ||     8
       Mace              ||    14
       Short sword       ||     6
       Club              ||     4
       Dagger            ||    31
 Cast: Shock             ||    43
 Stab: Sleeping          ||     6
  Eat: Chunk             ||     2
Armor: Skin              ||    29
Dodge: Dodged            ||    59
